 Dungeon Crawl Stone Soup version 0.25-a0-346-g140ab784a8 (webtiles) character file.

Game seed: 15970414018450157722, levelgen mode: deterministic

349 pk666 the Magician (level 6, 0/32 HPs)
             Began as a Deep Elf Wizard on Jan 1, 2020.
             Slain by Grinder (5 damage)
             ... while paralysed by Grinder
             ... on level 4 of the Dungeon.
             The game lasted 00:05:36 (3283 turns).

pk666 the Magician (Deep Elf Wizard)                Turns: 3283, Time: 00:05:36

Health: 0/32       AC:  3    Str:  4    XL:     6   Next: 33%
Magic:  15/17      EV:  2    Int: 25    God:
Gold:   234        SH:  0    Dex: 13    Spells: 6/17 levels left

rFire    . . .     SeeInvis .   g - +0 dagger
rCold    . . .     Gourm    .   (no shield)
rNeg     . . .     Faith    .   q - +0 robe (curse)
rPois    .         Spirit   .   b - +0 hat
rElec    .         Reflect  .   (no cloak)
rCorr    .         Harm     .   (no gloves)
MR       .....                  l - +0 pair of boots
Stlth    ++........             p - amulet of magic regeneration
HPRegen  0.10/turn              (no ring)
MPRegen  0.40/turn              (no ring)

@: paralysed
A: no striking features
a: no special abilities


You were on level 4 of the Dungeon.
You were near starving.

You visited 1 branch of the dungeon, and saw 4 of its levels.

You collected 234 gold pieces.

Inventory:

Hand Weapons
 g - a +0 dagger (weapon)
Armour
 b - a +0 hat (worn)
 l - a +0 pair of boots (worn)
 q - a cursed +0 robe (worn)
Jewellery
 n - an uncursed ring of fire
 p - an amulet of magic regeneration (around neck)
 r - an uncursed amulet of guardian spirit
Scrolls
 a - a scroll of random uselessness {unknown}
 c - 2 scrolls of magic mapping {unknown}
 e - 2 scrolls of identify
 f - 2 scrolls of fear {unknown}
 i - a scroll of blinking {unknown}
 k - a scroll of amnesia {unknown}
 s - a scroll of remove curse {unknown}
 u - a scroll of teleportation {unknown}
Potions
 h - 4 potions of curing
 j - a potion of lignification {unknown}
 m - a potion of invisibility {unknown}
 o - 2 potions of degeneration {unknown}
 t - 2 potions of cancellation {unknown}
 v - a potion of agility {unknown}
 w - a potion of haste
 x - a potion of ambrosia {unknown}
Comestibles
 d - 9 rations


   Skills:
 - Level 3.1 Dodging
 - Level 2.4 Stealth
 + Level 6.0 Spellcasting
 + Level 3.4 Conjurations
 - Level 2.0 Summonings
 - Level 1.1 Translocations
 + Level 2.4 Fire Magic
 - Level 2.0 Air Magic
 - Level 2.1 Poison Magic


You had 6 spell levels left.
You knew the following spells:

 Your Spells              Type           Power        Failure   Level  Hunger
a - Magic Dart            Conj           ###.         1%          1    None
b - Blink                 Tloc           N/A          7%          2    None
c - Conjure Flame         Conj/Fire      ###.....     7%          3    None
d - Mephitic Cloud        Conj/Pois/Air  ###.....     8%          3    None
e - Call Imp              Summ           ###.....     4%          2    None

Your spell library contained the following spells:

 Spells                   Type           Power        Failure   Level  Hunger
 Slow                     Hex            #.......     11%         2    None


Dungeon Overview and Level Annotations

Branches:
Dungeon (4/15)
 Temple: D:4-7

Altars:
Okawaru
Sif Muna

Annotations:
D:4 Grinder


Message History

Your iron imp completely misses Grinder.
You swap places.
Your crimson imp blinks!
Your shadow imp hits Grinder but does no damage.
Grinder gestures at you. You resist with some effort.
Your shadow imp hits Grinder but does no damage.
Grinder hits you.
You writhe in agony.
Your shadow imp barely misses Grinder.
Your iron imp hits Grinder!
Grinder hits you!
* * * LOW HITPOINT WARNING * * *
You writhe in agony.
* * * LOW HITPOINT WARNING * * *
Your crimson imp blinks!
Your shadow imp closely misses Grinder.
Your iron imp barely misses Grinder.
Grinder gestures at you.
You suddenly lose the ability to move!
Your shadow imp closely misses Grinder.
Your shadow imp barely misses Grinder.
Grinder hits you.
You die...

##### ....# ##### ....# #...#
....# #...# ######### #...###. #
#....# #.......
####....##################....###
........'.....55@....).).........
####....######.5.5...#####...[##.
####....# #.......# #....##.
........######.......# #....#..
....#................# ####.'.<
....#..))............# ###..
....[................+ #..
....#................# #..
##############.......# #..


You could see Grinder, a friendly iron imp, a friendly crimson imp and a
friendly shadow imp.

Vanquished Creatures
  A phantom (D:4)
  A bullfrog skeleton (D:4)
  2 orc wizards (D:4)
  A centaur skeleton (D:4)
  Jessica (D:2)
  Terence (D:3)
  3 adders
  2 oozes
  3 worms
  2 dart slugs
  A leopard gecko (D:3)
  2 orcs
  10 bats
  3 giant cockroaches (D:1)
  10 goblins
  7 hobgoblins
  A quokka (D:3)
  A ball python (D:3)
  4 frilled lizards
  10 kobolds
  5 rats
71 creatures vanquished.

Vanquished Creatures (collateral kills)
  2 orcs (D:4)
2 creatures vanquished.

Grand Total: 73 creatures vanquished

Notes
Turn   | Place    | Note
-------+----------+-------------------------------------------
     0 | D:1      | pk666 the Deep Elf Wizard began the quest for the Orb.
     0 | D:1      | Reached XP level 1. HP: 10/10 MP: 7/7
   174 | D:1      | Reached XP level 2. HP: 15/15 MP: 4/9
   818 | D:1      | Reached XP level 3. HP: 19/19 MP: 8/11
   822 | D:1      | Learned a level 2 spell: Blink
   826 | D:1      | Learned a level 3 spell: Conjure Flame
   830 | D:1      | Learned a level 3 spell: Mephitic Cloud
   833 | D:1      | Learned a level 2 spell: Call Imp
   884 | D:1      | Reached skill level 5 in Spellcasting
  1452 | D:2      | Found an iron altar of Okawaru.
  1601 | D:2      | Noticed Jessica
  1612 | D:2      | Killed Jessica
  1612 | D:2      | Reached XP level 4. HP: 24/24 MP: 7/13
  1679 | D:2      | Reached skill level 1 in Poison Magic
  1727 | D:2      | Reached skill level 1 in Fire Magic
  1845 | D:2      | Found a faded altar of an unknown god.
  2200 | D:3      | Reached skill level 1 in Air Magic
  2311 | D:3      | Noticed Terence
  2322 | D:3      | Killed Terence
  2401 | D:3      | Reached XP level 5. HP: 28/28 MP: 12/14
  2700 | D:3      | Found a shimmering blue altar of Sif Muna.
  3021 | D:4      | Noticed a phantom
  3039 | D:4      | Killed a phantom
  3039 | D:4      | Reached XP level 6. HP: 32/32 MP: 3/16
  3086 | D:4      | Identified the +2 leather armour "Giuzace Kus" {rElec MR+}
  3122 | D:4      | Reached skill level 6 in Spellcasting
  3236 | D:4      | Noticed Grinder
  3252 | D:4      | Paralysed by Grinder for 2 turns
  3281 | D:4      | Paralysed by Grinder for 3 turns
  3283 | D:4      | Slain by Grinder

Levels and vault maps discovered:
D:1:      scummos_arrival_hexagon, layout_loops_ring, minmay_pentomino_r2
D:2:      layout_basic, chequers_ecumenical_altar_simple_redux,
          okawaru_metal_pillars_3, uniq_jessica
D:3:      layout_basic, first_ration, led_sif_pool, uniq_terence
D:4:      layout_basic, grunt_decor_arrowhead, feat_on_display,
          uniq_crazy_yiuf_cottage, uniq_eustachio, uniq_grinder

Skill      XL: |  1  2  3  4  5  6 |
---------------+-------------------+-----
Dodging        | 3 |  3.1
Conjurations   | 2 3 |  3.4
Spellcasting   | 5 6 |  6.0
Poison Magic   | 1 2 |  2.1
Fire Magic     | 1 2 |  2.4
Air Magic      | 1 2 |  2.0
Summonings     | 2 |  2.0
Stealth        | |  2.4
Translocations | |  1.1

Action                   |  1- 3 |  4- 6 || total
-------------------------+-------+-------++-------
 Cast: Magic Dart        |   100 |   103 ||   203
       Call Imp          |       |     9 ||     9
       Conjure Flame     |       |     3 ||     3
       Mephitic Cloud    |       |     2 ||     2
  Use: Scroll            |       |     2 ||     2
  Eat: Chunk             |     1 |     4 ||     5
Armor: Robe              |       |     3 ||     3
Dodge: Dodged            |     8 |    14 ||    22

Table legend:
 A = Non-vault XP
 B = Vault XP
 C = Vault XP percentage of total XP
 D = Non-vault monster count
 E = Vault monster count
 F = Vault count percentage of total count
                 A         B        C        D         E       F
            +---------+---------+-------+---------+---------+-------
      Total |     422 |      77 |  15.4 |      69 |       4 |   5.5
            +---------+---------+-------+---------+---------+-------
        D:1 |      48 |       4 |   7.7 |      26 |       2 |   7.1
        D:2 |      44 |      37 |  45.7 |      17 |       1 |   5.6
        D:3 |      68 |      36 |  34.6 |      18 |       1 |   5.3
        D:4 |     262 |       0 |   0.0 |       8 |       0 |   0.0
            +---------+---------+-------+---------+---------+-------
